 Dungeon Crawl Stone Soup version 0.27-a0-1365-ge71e8f7681 (webtiles) character file.

Game seed: 12563031716183204543

367 HAL9000 the Cutter (level 6, -5/30 HPs)
             Began as a Vine Stalker Brigand on June 28, 2021.
             Killed by divine providence
             ... invoked by an orc priest
              (13 damage)
             ... on level 3 of the Dungeon.
             The game lasted 00:04:21 (3052 turns).

HAL9000 the Cutter (Vine Stalker Brigand)           Turns: 3052, Time: 00:04:21

Health: -5/30      AC:  3    Str: 15    XL:     6   Next: 69%
Magic:  0/7        EV: 11    Int: 18    God:
Gold:   155        SH:  0    Dex: 15    Spells: 5/5 levels left

rFire    . . .     SeeInvis .   a - +2 dagger
rCold    . . .     Faith    .   (no shield)
rNeg     . . .     Spirit   +   b - +0 robe
rPois    .         Reflect  .   (no helmet)
rElec    .         Harm     .   c - +0 cloak
rCorr    .         Rampage  .   (no gloves)
Will     .....                  (no boots)
Stlth    +++.......             (no amulet)
HPRegen  1.10/turn              f - +6 ring of intelligence
MPRegen  0.10/turn              m - ring of flight

@: flying
A: fangs 2, regeneration 1, magic shield, antimagic bite, no potion heal 2
a: no special abilities


You were on level 3 of the Dungeon.
You visited 1 branch of the dungeon, and saw 4 of its levels.

You collected 155 gold pieces.

Inventory:

Hand Weapons
 a - a +2 dagger (weapon)
 p - a +3 hunting sling
Missiles
 d - 34 poisoned darts (quivered)
 e - a curare-tipped dart
 i - 2 javelins
Armour
 b - a +0 robe (worn)
 c - a +0 cloak (worn)
Jewellery
 f - a +6 ring of intelligence (left hand)
 m - a ring of flight (right hand)
Scrolls
 k - a scroll of teleportation {unknown}
 l - 2 scrolls of enchant armour {unknown}
 n - 3 scrolls of identify {unknown}
 o - a scroll of magic mapping {unknown}
 q - a scroll of summoning {unknown}
 s - a scroll of amnesia {unknown}
Potions
 g - a potion of flight {unknown}
 h - a potion of mutation {unknown}
 j - a potion of lignification {unknown}
 r - a potion of heal wounds {unknown}
 t - a potion of curing {unknown}


   Skills:
 - Level 1.7 Fighting
 - Level 6.0 Short Blades
 - Level 1.7 Throwing
 - Level 0.7 Dodging
 + Level 5.5 Stealth


You had 5 spell levels left.
You didn't know any spells.
Your spell library was empty.

Dungeon Overview and Level Annotations

Branches:
Dungeon (4/15)
 Temple: D:4-7

Altars:

Shops:
D:3 (   D:4 :

Annotations:
D:4 Grinder


Innate Abilities, Weirdness & Mutations

You have extremely sharp teeth.
Your natural rate of healing is unusually fast.
When hurt, damage is shared between your health and your magic reserves.
Your bite disrupts and absorbs the magic of your enemies.
Potions cannot restore your health.


Message History

There is a stone staircase leading down, spattered with blood here.
Unknown command.
You hit the orc priest but do no damage.
You feel sick.
Unknown command.
You hit the orc priest but do no damage.
You bite the orc priest, but do no damage.
The orc priest hits you with a +0 short sword.
You hit the orc priest but do no damage.
Your bite misses the orc priest.
You feel sick.
The orc priest hits you with a +0 short sword!
* * * LOW HITPOINT WARNING * * *
Unknown command.
You feel sick.
You are no longer poisoned.
The orc priest casts a cantrip, but nothing happens.
Throw: 36 darts (poison)
Press: ? - help, Q - select action, (/) - cycle Shift-Dir - straight line, f - orc priest
Aim: an orc priest, wielding a +0 short sword and wearing a +0 leather armour (57% to hit)
You throw a poisoned dart. The poisoned dart hits the orc priest.
The orc priest is poisoned.
Throw: 35 darts (poison)
Press: ? - help, Q - select action, (/) - cycle Shift-Dir - straight line, f/p - orc priest
Aim: an orc priest, wielding a +0 short sword and wearing a +0 leather armour (poisoned, 57% to hit)
You throw a poisoned dart.
The poisoned dart barely misses the orc priest.
The orc priest hits you with a +0 short sword.
You closely miss the orc priest.
The orc priest is lightly wounded.
You hit the orc priest.
The orc priest is heavily wounded.
The orc priest invokes the aid of Beogh against you.
Pain shoots through your body!
* * * LOW HITPOINT WARNING * * *
You closely miss the orc priest.
You bite the orc priest, but do no damage.
The orc priest is heavily wounded.
The orc priest calls down the wrath of Beogh upon you.
Beogh smites you!
You die...

##.##########..# #
##.##......<...# #
.......#####...#### #
#.................# #
.#.##..#####...##.#####
##.##.........###.#...##
### ##.##.#########
#......########..
...##.#
#####................
##.##.#
#...@o(...(########..
##.##.# #.#####>..## ##.
...##.# #.# ##[## ##
##.##.### #.# #.#
##......# #.# #†#
...##...# #.# #.#
#######.# #.# #.#
.######.# #.# #.# ####
#....##.# #.# #.# #...


You could see an orc priest (poisoned).

Vanquished Creatures
  An ogre (D:4)
  A phantom (D:4)
  A hound (D:3)
  A jelly (D:3)
  An orc wizard (D:4)
  5 adders
  3 worms
  2 dart slugs
  2 orcs (D:3)
  2 bats
  7 endoplasms
  5 giant cockroaches
  2 goblins
  7 hobgoblins
  3 jackals (D:2)
  8 kobolds
  5 quokkas
  7 ball pythons
  2 frilled lizards
  4 rats
69 creatures vanquished.

Notes
Turn   | Place    | Note
-------+----------+-------------------------------------------
     0 | D:1      | HAL9000 the Vine Stalker Brigand began the quest for the
                  | Orb.
     0 | D:1      | Reached XP level 1. HP: 11/11 MP: 2/2
   351 | D:1      | Reached skill level 2 in Short Blades
   857 | D:1      | Reached XP level 2. HP: 15/15 MP: 3/3
  1069 | D:1      | Reached skill level 3 in Short Blades
  1202 | D:1      | Reached XP level 3. HP: 16/18 MP: 4/4
  1747 | D:2      | Found a faded altar of an unknown god.
  1774 | D:2      | Gained mutation: Your natural rate of healing is unusually
                  | fast. [Vine Stalker growth]
  1774 | D:2      | Reached XP level 4. HP: 13/23 MP: 5/5
  1864 | D:2      | Reached skill level 4 in Short Blades
  2253 | D:3      | Found Lehacuji's Weapon Shoppe.
  2552 | D:3      | Reached XP level 5. HP: 26/26 MP: 4/6
  2823 | D:4      | Noticed a phantom
  2843 | D:4      | Killed a phantom
  2844 | D:4      | Reached skill level 5 in Short Blades
  2867 | D:4      | Noticed an ogre
  2893 | D:4      | Killed an ogre
  2894 | D:4      | Reached XP level 6. HP: 30/30 MP: 7/7
  2938 | D:3      | Reached skill level 6 in Short Blades
  2978 | D:4      | Found Omeottex's Book Emporium.
  2979 | D:4      | Noticed Grinder
  3022 | D:3      | Reached skill level 5 in Stealth
  3052 | D:3      | Killed from afar by an orc priest

Illustrated notes

Levels and vault maps discovered:
D:1:      saegor_arrival_simple_a, layout_loops_ring
D:2:      layout_basic, basic_ecumenical_altar, amcnicky_mini_pool_small
D:3:      layout_loops_ring, serial_shops, shop, st_stairs_2, minivault_27
D:4:      layout_cave_pools, overflow_temple_1_default, serial_shops, shop,
          shop, gup_sewer_entry_glass, uniq_grinder, uniq_duvessa,
          uniq_crazy_yiuf_cottage

Skill      XL: |  1  2  3  4  5  6 |
---------------+-------------------+-----
Short Blades   | 2 3 4 5 6 |  6.0
Stealth        | 5 |  5.5
Fighting       | |  1.7
Throwing       | |  1.7
Dodging        | |  0.7

Action                   |  1- 3 |  4- 6 || total
-------------------------+-------+-------++-------
Melee: Dagger            |    88 |   137 ||   225
       Bite              |    14 |    31 ||    45
Throw: Dart              |     3 |    12 ||    15
 Stab: Sleeping          |     8 |     9 ||    17
Armor: Robe              |    14 |    20 ||    34
Dodge: Dodged            |    42 |    62 ||   104

Table legend: (Time is in decaauts)
 A = Elapsed time spent in this place.
 B = Non-inter-level travel time spent in this place.
 C = Inter-level travel time spent in this place.
 D = Time resting spent in this place.
 E = Time spent auto-exploring this place.
 F = Levels seen in this place.
 G = Mean time per level.
                   A        B        C        D        E       F      G
               +--------+--------+--------+--------+--------+-----+--------+
         Total |   3008 |   2940 |     68 |    555 |   1827 |   4 |  752.0 |
       Dungeon |   3008 |   2940 |     68 |    555 |   1827 |   4 |  752.0 |
               +--------+--------+--------+--------+--------+-----+--------+

Top non-repeatable levels by time:
     D:1: 1305 daAuts
     D:3: 802 daAuts
     D:2: 735 daAuts
     D:4: 164 daAuts
